Cogmind - Beta 17.1 @@@ ROGUE MODE // 2026.09.16 @ 00:08:54 Player: Caluan Result: Self-destructed Performance ------------- Evolutions (2) 1000 Regions Visited (5) 1000 Robots Destroyed (70) 350 Value Destroyed (2243) 2243 Prototype IDs (1) 20 Alien Tech Used (0) 0 Bonus (117) 117 TOTAL SCORE: 4730 Bonus ------- Follower Combat Kills 117 Cogmind --------- Core Integrity 143/550 Matter 263/300 Energy 290/290 System Corruption 3% Temperature Cool (0) Movement Treading (214) Ox1 Location -8/Materials Parts ------- > --- POWER (1) -------- Reinforced Deuterium Engine > --- PROPULSION (3) --- Armored Treads Armored Treads Advanced Treads > --- UTILITY (4) ------ Huge Storage Unit Salvage Targeting Computer Transmission Jammer Hacking Suite > --- WEAPON (3) ------- Assault Rifle Heavy Assault Rifle Gauss Rifle > --- INVENTORY (25) --- Deuterium Engine Deuterium Engine Light Treads Light Treads Light Treads Light Treads Huge Storage Unit High-capacity Matter Pod (200) Improved Light Armor Plating Improved Light Armor Plating Heavy Assault Rifle Improved Assault Rifle Improved Assault Rifle Missile Launcher Missile Launcher Datajack Plasma Cutter Katana Peak State ------------ > --- POWER ------------ Reinforced Deuterium Engine > --- PROPULSION ------- Armored Treads Armored Treads Advanced Treads > --- UTILITY ---------- Huge Storage Unit Salvage Targeting Computer Transmission Jammer Improved Light Armor Plating > --- WEAPON ----------- Shotgun Gauss Rifle Katana > --- INVENTORY -------- Deuterium Engine Deuterium Engine Light Treads Light Treads Light Treads Light Treads Huge Storage Unit High-capacity Matter Pod Improved Light Armor Plating Hacking Suite Assault Rifle Heavy Assault Rifle Missile Launcher Missile Launcher Datajack Plasma Cutter [Rating: 35] Favorites ----------- Power Ion Engine Engine Ion Engine Propulsion Light Treads Treads Light Treads Utility Transmission Jammer Device Transmission Jammer Storage Huge Storage Unit Processor Salvage Targeting Computer Hackware Hacking Suite Protection Improved Light Armor Plating Weapon Heavy Assault Rifle Energy Gun Beam Rifle Ballistic Gun Heavy Assault Rifle Launcher Proton Missile Launcher Slashing Weapon Katana Build | -11 -10 -10 -9 -9 -8 ------- Run | Yrd Mat Min Mat Min Mat Slots Evolved 4 | . . . 2 . 2 Power . | . . . . . . Propulsion 1 | . . . . . 1 Utility 2 | . . . 1 . 1 Weapon 1 | . . . 1 . . Parts Attached 67 | 7 4 2 8 . 46 Power 6 | 1 . 1 . . 4 Engine 6 | 1 . 1 . . 4 Core . | . . . . . . Reactor . | . . . . . . Propulsion 19 | 2 . . 2 . 15 Treads 19 | 2 . . 2 . 15 Leg . | . . . . . . Wheel . | . . . . . . Hover . | . . . . . . Flight . | . . . . . . Utility 16 | 1 2 1 1 . 11 Device 4 | . . . . . 4 Storage 5 | 1 2 . 1 . 1 Processor 1 | . . . . . 1 Hackware 1 | . . . . . 1 Protection 5 | . . 1 . . 4 Artifact . | . . . . . . Weapon 26 | 3 2 . 5 . 16 Energy Gun 4 | 2 1 . 1 . . Energy Cannon . | . . . . . . Ballistic Gun 20 | 1 1 . 4 . 14 Ballistic Cannon . | . . . . . . Launcher 1 | . . . . . 1 Special Weapon . | . . . . . . Impact Weapon . | . . . . . . Slashing Weapon 1 | . . . . . 1 Piercing Weapon . | . . . . . . Special Melee Weapon . | . . . . . . Unidentified Prototypes 1 | . . . 1 . . Parts Lost 26 | . 2 1 . . 23 Power 2 | . . . . . 2 Propulsion 10 | . . . . . 10 Utility 4 | . . . . . 4 Weapon 10 | . 2 1 . . 7 Highest Loss Streak 9 | . 1 1 . . 9 To Critical Strikes . | . . . . . . Average Backups 13 | . 4 13 15 17 15 Power . | . . . 1 1 1 Propulsion 3 | . 1 4 5 6 3 Utility 3 | . . 1 2 3 4 Weapon 4 | . . 5 5 5 4 Tool/Special . | . . . . . . Unused Backups 24 | . . . 1 . 23 Power 3 | . . . . . 3 Propulsion 4 | . . . . . 4 Utility 3 | . . . . . 3 Weapon 12 | . . . 1 . 11 Tool/Special 2 | . . . . . 2 Average Slot Usage (%) 92 | . 84 96 88 88 96 Engine 10 | . 14 14 11 11 8 Treads 25 | . 27 28 22 22 26 Device 4 | . . . . . 7 Storage 10 | . 14 14 11 11 9 Processor 3 | . . . . . 5 Protection 8 | . . 10 11 11 10 Energy Gun 5 | . 11 11 11 11 . Ballistic Gun 21 | . 16 16 22 22 24 Slashing Weapon 1 | . . . . . 2 Peak Build Rating 35 | 6 7 9 15 14 35 Average Rating 20 | 4 6 8 13 14 30 On Entrance 8 | . 6 7 9 14 14 Avg Prop Armor Cover (%) 11 | . 11 . . . . Naked Turns . | . . . . . . Heaviest Build 108 | 14 27 30 57 57 108 Greatest Support 62 | 40 40 40 40 40 62 Greatest Overweight (x) 8 | . 8 . 1 1 4 Average Overweight (x) . | . . . . 1 . Largest Inventory Capacity 25 | 8 15 15 20 20 25 Average Capacity 19 | 6 11 15 16 20 23 Most Carried 22 | 2 8 15 17 17 22 Average Carried 13 | . 4 13 15 17 15 Final Capacity 25 | 8 15 15 20 20 25 Final Carried 18 | 1 8 15 17 17 18 Class Distribution -------------------- 37% | Tank 27% | Mutant 14% | Scavenger-Tank 13% | Scavenger-Mutant 4% | Scavenger-Gunner Dominant Class ---------------- Mutant | -10/Materials Mutant | -10/Mines Tank | -9/Materials Tank | -9/Mines Tank | -8/Materials Resources | -11 -10 -10 -9 -9 -8 ----------- Run | Yrd Mat Min Mat Min Mat Matter Collected 2293 | 221 183 40 190 78 1581 Remotely . | . . . . . . Salvage Created 3092 | . 511 59 398 93 2031 Parts 183 | . 27 1 33 3 119 Haulers Intercepted 4 | . 2 . 1 . 1 Recyclers Shooed 5 | . 1 . 2 1 1 Parts Field Recycled . | . . . . . . Retrieved Matter . | . . . . . . Parts Self-Destructed . | . . . . . . Prevented . | . . . . . . Parts Restored . | . . . . . . Kills | -11 -10 -10 -9 -9 -8 ------- Run | Yrd Mat Min Mat Min Mat Combat Hostiles Destroyed 62 | . 11 1 7 6 37 Melee 8 | . . . . . 8 Guns 53 | . 11 1 7 6 28 AOE 1 | . . . . . 1 Classes Destroyed 15 | . 5 . 3 1 6 Worker 1 | . . . 1 . . Builder 2 | . . . 1 . 1 Hauler 4 | . 2 . 1 . 1 Recycler 3 | . 1 . . . 2 Operator 1 | . 1 . . . . Swarmer 13 | . 6 . 1 2 4 Grunt 27 | . 5 1 5 . 16 Brawler 2 | . . . . . 2 Duelist 1 | . . . . . 1 Protector 1 | . . . . . 1 Sentry 9 | . . . 2 . 7 Specialist 3 | . . . . . 3 Hunter 2 | . . . . . 2 Heavy 1 | . . . . . 1 Assembled 4 | . . . . 4 . Best Kill Streak 6 | . 4 1 3 2 6 Combat Bots Only 6 | . 4 1 2 2 6 Max Kills in Single Turn 2 | . 2 1 2 1 1 Gunslinging 1 | . 1 . . . . Exploded 1 | . . . . . 1 Melee 1 | . . . . . 1 Uniques/NPCs Destroyed . | . . . . . . Combat | -11 -10 -10 -9 -9 -8 -------- Run | Yrd Mat Min Mat Min Mat Hostile Shots Fired 461 | . 62 11 21 20 347 Missed 117 | . 14 1 5 7 90 Hits 344 | . 48 10 16 13 257 Melee 8 | . . . . 2 6 Projectile 336 | . 48 10 16 11 251 AOE 2 | . . . . 1 1 Critical Strikes 15 | . . 1 . . 14 Part Disruptions 1 | . 1 . . . . Damage Taken 5444 | . 556 143 227 203 4315 Core 596 | . 101 43 . 45 407 Absorbed by Shields . | . . . . . . Ignored by Resistances 100 | . . . . . 100 Regen/Repaired (Parts) 532 | . 225 . . . 307 Core Remaining (%) 76 | 100 . 42 . 88 . Volleys Fired 169 | . 43 5 20 13 88 Largest 3 | . 2 2 3 3 3 Hottest 102 | . 80 40 102 102 75 Shots Fired 437 | . 82 8 59 39 249 Gun 435 | . 82 8 59 39 247 Cannon . | . . . . . . Launcher 2 | . . . . . 2 Special . | . . . . . . Kinetic 362 | . 41 8 40 26 247 Thermal 45 | . 13 . 19 13 . Explosive . | . . . . . . Electromagnetic 30 | . 28 . . . 2 Robot Hit Streak 15 | . 15 3 10 7 14 Robot Miss Streak 5 | . 2 1 3 2 5 Penetration Max . | . . . . . . Secondary Targets 10 | . 2 . . 2 6 Max Gunslinging Chain 1 | . 1 . . 1 1 Shots Hit Robots 326 | . 59 5 30 24 208 Core Hits 134 | . 26 3 17 10 78 Critical Kills 1 | . . . . . 1 Critical Parts Destroyed . | . . . . . . Critical Strikes 10 | . 1 . 2 1 6 Burn 3 | . . . 2 1 . Destroy 1 | . . . . . 1 Corrupt 1 | . 1 . . . . Sever 5 | . . . . . 5 Melee Attacks 44 | . . . . . 44 Impact . | . . . . . . Slashing 44 | . . . . . 44 Piercing . | . . . . . . Sneak Attacks 2 | . . . . . 2 Combat Hostiles . | . . . . . . Follow-up Attacks . | . . . . . . Damage Inflicted 5895 | . 805 45 510 376 4159 Guns 4074 | . 600 45 462 357 2610 Cannons . | . . . . . . Explosions 338 | . 199 . . . 139 Melee 1363 | . . . . . 1363 Ramming 120 | . 6 . 48 19 47 Kinetic 3452 | . 235 45 306 256 2610 Thermal 474 | . 217 . 156 101 . Explosive . | . . . . . . Electromagnetic 486 | . 347 . . . 139 Impact . | . . . . . . Slashing 1363 | . . . . . 1363 Piercing . | . . . . . . Highest Corruption 3 | . . . . . 3 Average Corruption 3 | . . . . . 3 Corruption Purged . | . . . . . . Corruption Blocked . | . . . . . . Effects 59 | . . . . . 59 Message Errors 18 | . . . . . 18 Matter Fused 15 | . . . . . 15 Heat Flow Errors 5 | . . . . . 5 Energy Discharges 5 | . . . . . 5 Parts Fused 1 | . . . . . 1 Data Loss (minor) 5 | . . . . . 5 Data Loss (major) 4 | . . . . . 4 Misfires 4 | . . . . . 4 Alerts 2 | . . . . . 2 Overload Shots . | . . . . . . Overflow Damage 31 | . . . . . 31 Projectiles . | . . . . . . Explosions 11 | . . . . . 11 Melee 20 | . . . . . 20 Knockbacks 1 | . . . 1 . . Impact 1 | . . . 1 . . Kinetic . | . . . . . . Secondary . | . . . . . . Self-Inflicted Damage 88 | . 68 . . . 20 Shots 3 | . 2 . . . 1 Rammed 15 | . 3 . 6 2 4 Targets Rammed 18 | . 4 . 7 2 5 Kicked . | . . . . . . Crushed 3 | . 1 . 1 . 1 Highest Temperature 251 | . 132 27 160 148 251 Average Temperature 56 | . 55 11 47 61 60 Received Heat Transfer 1806 | . 174 87 66 . 1479 Effects 1 | . . . . . 1 Interference 1 | . . . . . 1 Siege Activations . | . . . . . . Martial Activations . | . . . . . . Shielding Activations . | . . . . . . Robots Disrupted . | . . . . . . Combat Hostiles . | . . . . . . Robots Corrupted . | . . . . . . Combat Hostiles . | . . . . . . Parts Fried 4 | . 3 . . . 1 Impact Corruptions 1 | . . . . . 1 Robots Melted . | . . . . . . Combat Hostiles . | . . . . . . Parts Melted . | . . . . . . Heat Transferred 1190 | . 325 . 532 333 . Parts Sabotaged . | . . . . . . Parts Stolen . | . . . . . . Parts Stripped . | . . . . . . Power Chain Reactions 2 | . 2 . . . . Alert | -11 -10 -10 -9 -9 -8 ------- Run | Yrd Mat Min Mat Min Mat Maximum Alert Level 1 | . . . 1 . 1 Low Security (%) 64 | 100 100 100 90 100 36 Level 1 35 | . . . 9 . 63 Level 2 . | . . . . . . Level 3 . | . . . . . . Level 4 . | . . . . . . Level 5 . | . . . . . . High Security . | . . . . . . Max Security . | . . . . . . Peak Influence 362 | . 100 35 216 153 362 Initial 58 | . . . . 58 . Average 139 | . 23 2 106 29 223 Influence Increases 2047 | . 332 45 461 95 1114 Destroy 0b10 Robot/C 1320 | . 220 20 280 80 720 Destroy 0b10 Robot/NC 70 | . 20 . 25 . 25 Destroy Leader 310 | . 44 10 84 10 162 Allied During Kill 57 | . . . 52 5 . Successful Hack 39 | . 11 . 5 . 23 Disable Machine 60 | . 30 . 15 . 15 Destroy Structure 11 | . 7 . . . 4 Lose Combat Pursuer 180 | . . 15 . . 165 Influence Decreases 1723 | . 332 45 309 247 790 Entered New Map 94 | . . . . 94 . Time Decay 1339 | . 312 45 289 133 560 Lost Part 240 | . 20 . . . 220 Lost Ally 50 | . . . 20 20 10 Squads Dispatched 10 | . 1 . 2 . 7 Investigation 1 | . . . 1 . . Extermination . | . . . . . . Reinforcement 6 | . 1 . 1 . 4 Assault 2 | . . . . . 2 Garrison 1 | . . . . . 1 Intercept . | . . . . . . Searches Triggered . | . . . . . . Construction Impeded . | . . . . . . Haulers Reinforced . | . . . . . . Active Scanning Responses . | . . . . . . Cargo Convoy Interrupts . | . . . . . . Stealth | -11 -10 -10 -9 -9 -8 --------- Run | Yrd Mat Min Mat Min Mat Distress Signals 6 | . 2 . 3 . 1 Communications Jammed 64 | . . . . . 64 Distress Signals 64 | . . . . . 64 Times Spotted 116 | . 30 3 16 8 59 Peak Tracking Total 10 | . 6 2 2 4 10 Tactical Retreats 8 | . . 1 . . 7 Traps | -11 -10 -10 -9 -9 -8 ------- Run | Yrd Mat Min Mat Min Mat Traps Triggered 4 | . 1 . 1 . 2 Indirectly . | . . . . . . Trap Hack Attempts . | . . . . . . Triggered . | . . . . . . Disarmed . | . . . . . . Reprogrammed . | . . . . . . Reused . | . . . . . . Traps Extracted . | . . . . . . Installed . | . . . . . . Triggered . | . . . . . . Machines | -11 -10 -10 -9 -9 -8 ---------- Run | Yrd Mat Min Mat Min Mat Machines Disabled 4 | . 2 . 1 . 1 Max in Single Turn 2 | . 2 . 1 . 1 Garrison Access 1 | . . . . . 1 Machines Repaired . | . . . . . . Machines Dismantled . | . . . . . . Machines Sabotaged . | . . . . . . Overloaded Fab Kills . | . . . . . . Hacking | -11 -10 -10 -9 -9 -8 --------- Run | Yrd Mat Min Mat Min Mat Machines Accessed 21 | . 6 1 2 1 11 Terminals 16 | . 5 1 1 1 8 Fabricators . | . . . . . . Repair Stations 3 | . 1 . . . 2 Recycling Units . | . . . . . . Scanalyzers 2 | . . . 1 . 1 Garrison Access . | . . . . . . Total Hacks 52 | . 10 2 9 1 30 Successful 32 | . 8 1 4 1 18 Failed 20 | . 2 1 5 . 12 Catastrophic 3 | . 1 . . . 2 Database Lockouts . | . . . . . . Manual 29 | . 6 2 2 . 19 Terminals 32 | . 6 2 2 1 21 Fabricators . | . . . . . . Repair Stations 11 | . 4 . . . 7 Recycling Units . | . . . . . . Scanalyzers 9 | . . . 7 . 2 Garrison Access . | . . . . . . Terminal Hacks 4 | . . . . 1 3 Record 1 | . . . . 1 . Garrison Index 1 | . . . . . 1 Locate Traps 1 | . . . . . 1 Zone Layout 1 | . . . . . 1 Fabricator Hacks . | . . . . . . Repair Station Hacks 10 | . 4 . . . 6 Scan Component 5 | . 2 . . . 3 Repair 5 | . 2 . . . 3 Recycling Unit Hacks . | . . . . . . Scanalyzer 5 | . . . 3 . 2 Retrieve Study 5 | . . . 3 . 2 Garrison Access Hacks . | . . . . . . Unauthorized Hacks 13 | . 4 1 1 . 7 Terminals 13 | . 4 1 1 . 7 Assimilate 1 | . . . . . 1 Botnet 12 | . 4 1 1 . 6 Fabricators . | . . . . . . Repair Stations . | . . . . . . Recycling Units . | . . . . . . Scanalyzers . | . . . . . . Garrison Access . | . . . . . . Data Cores Recovered 1 | . 1 . . . . Used . | . . . . . . Hacking Detections 11 | . 1 1 1 . 8 Full Trace Events 1 | . 1 . . . . Feedback Events . | . . . . . . Feedback Blocked . | . . . . . . Robot Schematics Acquired . | . . . . . . Robots Built . | . . . . . . Authchips . | . . . . . . Time . | . . . . . . Total Robot Build Rating . | . . . . . . Part Schematics Acquired . | . . . . . . Parts Built . | . . . . . . Authchips . | . . . . . . Time . | . . . . . . Total Part Build Rating . | . . . . . . Part Studies Acquired 5 | . . . 3 . 2 Parts Repaired 5 | . 2 . . . 3 Time 166 | . 52 . . . 114 Parts Recycled . | . . . . . . Recycled Matter . | . . . . . . Retrieved Matter . | . . . . . . Retrieved Components . | . . . . . . Parts Scanalyzed . | . . . . . . Part Schematics Acquired . | . . . . . . Parts Damaged . | . . . . . . Bothacking | -11 -10 -10 -9 -9 -8 ------------ Run | Yrd Mat Min Mat Min Mat Used RIF Installer . | . . . . . . Robots Hacked . | . . . . . . Non-combat . | . . . . . . Combat . | . . . . . . Robot Hacks Applied . | . . . . . . Relay Couplers Released . | . . . . . . Fabnet Peak Effective % . | . . . . . . Robots Rewired . | . . . . . . Allies Hacked . | . . . . . . Hacks Repelled . | . . . . . . Allies | -11 -10 -10 -9 -9 -8 -------- Run | Yrd Mat Min Mat Min Mat Total Allies 4 | . . 3 . . 1 Largest Group 3 | . . 3 3 1 1 Highest-Rated Group 40 | . . 40 40 16 10 Highest-Rated Ally 16 | . . 16 16 16 10 Total Orders . | . . . . . . Ally Attacks 41 | . . . 34 7 . Total Damage 395 | . . . 332 63 . Kills 11 | . . . 9 2 . Allies Corrupted . | . . . . . . Allies Melted . | . . . . . . Intel | -11 -10 -10 -9 -9 -8 ------- Run | Yrd Mat Min Mat Min Mat Active Infowar (turns) 3910 | . . . . . 3910 Jamming 3910 | . . . . . 3910 Robot Analysis Total . | . . . . . . Derelict Logs Recovered 2 | . . 1 . 1 . Drone Launches . | . . . . . . Drone Recoveries . | . . . . . . Exploration | -11 -10 -10 -9 -9 -8 ------------- Run | Yrd Mat Min Mat Min Mat Turns Passed 8642 | 80 1447 781 872 755 4707 Spaces Moved 3836 | 45 689 459 433 349 1861 Core 6 | 5 1 . . . . Treads 3830 | 40 688 459 433 349 1861 Legs . | . . . . . . Wheels . | . . . . . . Hover . | . . . . . . Flight . | . . . . . . Fastest Speed 50 | 50 160 160 160 200 160 Average Speed 193 | 147 175 160 174 200 213 Slowest Speed 450 | 160 450 160 200 200 330 Overloaded Moves . | . . . . . . Propulsion Burnouts . | . . . . . . Robots Hopped . | . . . . . . Potential Cave-ins . | . . . . . . Cave-ins Triggered . | . . . . . . Exploration Rate (%) 64 | 3 96 86 43 62 98 Regions Visited 5 Branch Regions 2 Pre-discovered Areas 1 | . . . . 1 . Known Exits Taken 1 | . . . 1 . . Unknown Exits Taken 4 | 1 1 1 . 1 . Scrap Searched 2 | . . 1 . 1 . Spaces Dug . | . . . . . . Terrain Destroyed 6 | . 6 . . . . Melee . | . . . . . . Projectile . | . . . . . . AOE 6 | . 6 . . . . Terrain Rammed . | . . . . . . Walls Destroyed . | . . . . . . Machines Disabled . | . . . . . . Actions | -11 -10 -10 -9 -9 -8 --------- Run | Yrd Mat Min Mat Min Mat Total 4647 | 58 848 499 504 375 2363 Wait 399 | . 93 23 27 12 244 Move 3831 | 44 688 458 432 348 1861 Hop . | . . . . . . Pick Up 61 | 7 8 9 3 . 34 Fast Attach 24 | . 8 1 2 . 13 Attach 31 | 6 1 1 1 . 22 Detach 1 | . . . . . 1 Swap 30 | 1 1 1 5 . 22 Drop 39 | . 2 1 7 . 29 Fire 169 | . 43 5 20 13 88 Melee 44 | . . . . . 44 Ram . | . . . . . . Kick . | . . . . . . Crush 18 | . 4 . 7 2 5 Escape Stasis . | . . . . . . Rewire . | . . . . . . Trap . | . . . . . . Miscellaneous . | . . . . . . Route ------- -11/Scrapyard -10/Materials (discovered 5 exits: *Mat x3 / *Min x2) -10/Mines (discovered 2 exits: *Mat / [*Exi]) -9/Materials -9/Mines (discovered 2 exits: *Mat x2) -8/Materials (discovered 3 exits: *Fac x3) History --------- Turn | Location | Event 3 | -11/Scrapyard | Discovered new exit (range 15) 81 | -11/Scrapyard | Entered Materials 180 | -10/Materials | Discovered new exit (range 4) 310 | -10/Materials | Build established: Mutant 662 | -10/Materials | Discovered new exit (range 14) 808 | -10/Materials | Discovered new exit (range 8) 1007 | -10/Materials | Discovered new exit (range 8) 1095 | -10/Materials | Discovered new exit (range 16) 1220 | -10/Materials | Repaired Lgt. Treads 1247 | -10/Materials | Repaired Lgt. Treads 1528 | -10/Materials | Entered Mines 1532 | -10/Mines | Met a Derelict bent on vengeance 1667 | -10/Mines | Joined a pair of Derelicts in attacking an 0b10 outpost 1668 | -10/Mines | Core integrity fell below 50% 2019 | -10/Mines | Deemed a non-threat by the Exiles lab entrance 2020 | -10/Mines | Discovered new exit (range 5) 2065 | -10/Mines | Assisted by bots powering up and referring to "LRC-V3" 2288 | -10/Mines | Discovered new exit (range 12) 2309 | -10/Mines | Entered Materials 2309 | -9/Materials | Accompanied by 3 allies 2309 | -9/Materials | Evolved 2 slots: Utility x1, Weapon x1 2310 | -9/Materials | Identified exit to Mines 2612 | -9/Materials | Build established: Tank 3181 | -9/Materials | Entered Mines 3181 | -9/Mines | Accompanied by 1 ally 3302 | -9/Mines | Learned location of 1 exit from Materials 3317 | -9/Mines | Discovered new exit (range 9) 3358 | -9/Mines | Assembled infested the area 3430 | -9/Mines | Discovered new exit (range 7) 3625 | -9/Mines | Learned location of Storage (-7) 3936 | -9/Mines | Entered Materials 3936 | -8/Materials | Evolved 2 slots: Propulsion x1, Utility x1 3937 | -8/Materials | Identified exit to Factory 4518 | -8/Materials | Garrison activated, responded to threat 4631 | -8/Materials | Discovered exit to Factory (range 11) 5653 | -8/Materials | Lost 9 parts (1p4n1u3w) 5741 | -8/Materials | Core integrity fell below 50% 5761 | -8/Materials | Lost 9 parts (5n4w) 6101 | -8/Materials | Build established: Scavenger-Gunner 6424 | -8/Materials | Build established: Scavenger-Mutant 7216 | -8/Materials | Discovered exit to Factory (range 5) 7499 | -8/Materials | Repaired Hvy. Assault Rifle+ 7528 | -8/Materials | Build established: Scavenger-Tank 7538 | -8/Materials | Repaired Adv. Treads 7626 | -8/Materials | Repaired Gauss Rifle 8643 | -8/Materials | Self-destructed Last Messages --------------- System corrupted: Hvy. Assault Rifle+ misfires. M2,NTWL7IP FQ,B&TR0HFMS|Q %P/DHAOYBBJ3 System corrupted: Heat flow error (+238). Connecting with Terminal... PBIOQIQSSM WJOF>KYTW1YE=C System corrupted: Matter fused (-7). Crushed A-02 Transporter. Destroyed Transport Network Coupler. A-02 Transporter system corrupted by crushing effect. Weight Redist. System fried. A-02 Transporter destroyed. Acquired 26 matter. Slammed into T-07 Excavator. Acquired Imp. Assault Rifle. System corrupted: Matter fused (-8). K-01 Serf cleans the Terminal. Connecting with Terminal... >>Index(Garrisons) No garrison accesses found. Map ----- +----------------------------------------------------+ | ##+### + # " #??????? | | # ## # ### T #####??????? | | # "## # #?# " #??????????? | | # T## ########?# #??????????? | | # "## ### #??????????? | | # ## #??????????? | | # ## """ #??????????? | | # ## """ #??????????? | | ###### """ ######## ###########? | | # # # #? | | ! # "" # # #? | | """ # T" # # """ #? | | ####### """ + "" # # """"" #? | | #! * # """ # # + """"" #? | | # # # * # # """"" #? | | # """ # k # # # """ #? | | # """ # """ ######## # #? | | # """ + """ ######## ###########? | | # """ # """ #??????????? | | # # #??????????? | | ####### #??????????? | | ####### [[ #??????????? | | # [[ #??????????? | | "" # [[ #??????????? | | "Y + #??????????? | | "" # @ #??????????? | | [# ######### #??????????? | | !] !!+% ## # #??????????? | | ########+###+## =!# #??????????? | | ????# # " + #########??? | | ????# """^ # T [# ##! #??? | | ????#^""""" # " ** # ## """ #??? | | ????# """"" # ** # # """ #??? | | ????# """"" #### ### # """ #??? | | ????# """ #??#######+## + #??? | | ????# ^ ^ #????# # # =#??? | | ????# = #????# """ # ########??? | | ????###########????# "R" # #??????? | | ???????????????????# " " # ^ #??????? | | ???????????????????# ###+####?????? | | ???????????????????# ! # #?????? | | ???????????????????######## """ #?????? | | ?????????????????????????# "R" #?????? | | ?????????????????????????## " " #?????? | | ??????????????????????????# #?????? | | ??????????????????????????# ! #?????? | | ??????????????????????????########?????? | | ???????????????????????????????????????? | | ???????????????????????????????????????? | | ???????????????????????????????????????? | +----------------------------------------------------+ Best States ------------- Heat Dissipation 45 Energy Generation 16 Energy Capacity 290 Matter Stores 300 Matter Capacity 300 Sight Range 16 Terrain Scan Density 10 Jamming Range 12 Armor Coverage 300 Resistance: TH 10 Evasion (%) 40 Recoil Reduction 3 Salvage Targeting 1 Offensive Hacking 10 Item Schematics ----------------- None Robot Schematics ------------------ None Fabricated ------------ Nothing Repaired ---------- Lgt. Treads | 12% | -10/Materials Lgt. Treads | 26% | -10/Materials Hvy. Assault Rifle | 34% | -8/Materials Adv. Treads | 3% | -8/Materials Gauss Rifle | 51% | -8/Materials Studied --------- Hvy. Assault Rifle | -9/Materials | Hacked Assault Rifle | -9/Materials | Hacked Lgt. Treads | -9/Materials | Hacked Arm. Treads | -8/Materials | Hacked Katana | -8/Materials | Hacked Alien Tech Used ----------------- None Achievements -------------- None Challenges ------------ None Game ------ Seed SmallDecoyBox Manual? 0 Play Time 00:41:16 Cumulative 275.0 hours Start 2026.09.15 @ 23:24:40 End 2026.09.16 @ 00:08:54 Sessions 1 Manual Loads 0 Difficulty Rogue Special Mode None Game No. 301 Rogue 301 Adventurer 0 Explorer 0 Win Type - Total 3 Types 3/0/0/0/0/0/0/0/0/0 Lore% 33 Gallery% 57 Achievement% 40 Wizard Run 0 Options --------- Layout 1 ASCII 0 Keyboard 0 Movement Numpad Keybinds 0 Fullscreen 2 Font 24/Smallcaps Map View 50x35 Zoom Use 0% Tactical HUD 0 Map Filters NONE Filters NONE Steam 1 RUN: 014ff130-da98-4045-ac5b-439b842b81fb